AoeStats
← Diamante

Arena

508880771Analyzed
3v3 RM · 6d ago on Sep 24, 2026· 27m 43s· 6 players
Game mode
Random Map
Map size
Normal (6 player)
Population
200
Speed
Normal
Resources
Standard
Victory
Conquest
Starting age
Dark Age
Ending age
Imperial Age
RankedLock teamsTeams togetherTeam positionsShared explorationLock speedFull tech treeHidden civsTurbo modeCheats
Victory
Defeat
🇹🇼 Spanish · Taiwan
1277
+15
🇹🇼 Teutons · Taiwan
1193
+18
🇹🇼 Bohemians · Taiwan
1182
+19
🇳🇱 Bohemians · Netherlands
1297
-19
🇲🇽 Saxons · Mexico
1232
-17
🇰🇷 Poles · South Korea
1207
-16
Maximus1743
5:56 Loom
8:23 Feudal Age
9:40 Fletching
13:30 Horse Collar
16:59 Double-Bit Axe
24:53 Castle Age
23:13 Stone Mining
23:44 Scale Mail Armor
24:25 Arson
25:35 Forging
26:44 Town Watch
27:20 Chain Mail Armor
Rene
10:31 Feudal Age
11:50 Double-Bit Axe
14:39 Castle Age
12:32 Horse Collar
15:52 Bow Saw
15:46 Heavy Plow
19:20 Wheelbarrow
18:32 Loom
Diamante
9:03 Feudal Age
9:16 Loom
9:43 Double-Bit Axe
12:16 Horse Collar
19:29 Castle Age
21:13 Bow Saw
DUO
11:01 Feudal Age
10:07 Loom
16:16 Castle Age
14:50 Fletching
18:15 Fervor
20:17 Double-Bit Axe
25:07 Bow Saw
27:39 Wheelbarrow
topybobo
10:49 Feudal Age
12:02 Loom
15:14 Castle Age
13:45 Double-Bit Axe
13:59 Horse Collar
14:34 Town Watch
19:54 Bow Saw
21:53 Wheelbarrow
21:51 Gold Mining
22:28 Heavy Plow
28:28 Imperial Age
26:43 Bloodlines
26:41 Scale Barding Armor
26:47 Forging
26:28 Fletching
27:42 Hand Cart
半夜想吃牛肉麵
10:24 Feudal Age
9:18 Loom
11:34 Loom
14:47 Castle Age
13:50 Horse Collar
14:46 Double-Bit Axe
25:36 Bow Saw
25:58 Fletching
Connection lost

Rejoining the realm…

Still unreachable

The connection could not be restored.

Session expired

The server has moved on; the page needs a fresh start.